 Dungeon Crawl Stone Soup version 0.27.1 (webtiles) character file.

Game seed: 4485535326895174661

198 hawla the Covert (level 5, -11/32 HPs)
             Began as a Deep Elf Delver on Aug 26, 2021.
             Shot with an arrow by a centaur (13 damage)
             ... on level 5 of the Dungeon on Aug 27, 2021.
             The game lasted 00:03:26 (235 turns).

hawla the Covert (Deep Elf Delver)                   Turns: 235, Time: 00:03:27

Health: -11/32     AC:  3    Str:  9    XL:     5   Next: 47%
Magic:  7/7        EV: 12    Int: 16    God:
Gold:   10         SH:  0    Dex: 16    Spells: 4/4 levels left

rFire    . . .     SeeInvis .   e - +0 rapier
rCold    . . .     Faith    .   (no shield)
rNeg     . . .     Spirit   .   b - +0 leather armour
rPois    .         Reflect  .   (no helmet)
rElec    .         Harm     .   (no cloak)
rCorr    .         Rampage  .   (no gloves)
Will     .....                  (no boots)
Stlth    ++++......             (no amulet)
HPRegen  0.10/turn              (no ring)
MPRegen  0.10/turn              (no ring)

@: no status effects
A: no striking features
a: no special abilities


You were on level 5 of the Dungeon.
You visited 1 branch of the dungeon, and saw 2 of its levels.

You collected 10 gold pieces.

Inventory:

Hand Weapons
 e - a +0 rapier (weapon)
Armour
 b - a +0 leather armour (worn)
Wands
 g - a wand of digging (3)
 i - a wand of iceblast (3)
Potions
 c - a potion of berserk rage {unknown}


   Skills:
 + Level 3.0 Fighting
 + Level 2.4 Short Blades
 + Level 2.9 Dodging
 + Level 8.5 Stealth
 + Level 0.4 Evocations


You had 4 spell levels left.
You didn't know any spells.
Your spell library was empty.

Dungeon Overview and Level Annotations

Branches:
Dungeon (6/15)
 Temple: D:4-7

Altars:


Message History

The orc barely misses you.
The orc hits you from afar with a +0 trident!
* * * LOW HITPOINT WARNING * * *
The orc hits you but does no damage. The orc misses you.
You hit the orc.
The orc is lightly wounded.
The orc misses you. The orc barely misses you.
Really walk into that dispersal trap?
You enter a dispersal trap!
The orc blinks! x4; You blink.
An orc is nearby!
Found a stone staircase leading up.
A necrophage comes into view.
Found 27 bolts.
An orc priest comes into view. It is wielding a +0 falchion.
An orc wizard comes into view. It is wielding a +0 dagger.
An orc comes into view. It is wielding a +0 short sword.
Found a scroll of identify.
The orc priest shouts!
The orc wizard shouts!
The orc shouts!
You hear a shout!
The orc wizard casts a spell.
The orc wizard flickers and vanishes!
Deactivating autopickup; reactivate with Ctrl-A.
An orc comes into view. It is wielding a +0 hand axe.
A wraith comes into view.
There is a stone staircase leading up here.
The necrophage hits you but does no damage.
You climb upwards.
Reactivating autopickup.
There is a stone staircase leading down here.
As you read the scroll of magic mapping, it crumbles to dust.
You feel aware of your surroundings.
The orc shouts!
You hear a shout!
You hear a bark!
The necrophage barely misses you. The necrophage misses you.
An iguana comes into view.
The hound barks!
You hear a shout!
The hound bites you.
* * * LOW HITPOINT WARNING * * *
The centaur shoots an arrow.
The arrow hits you!
You die...

###.....≈§............c.#.......#
##.....≈............5..#.##.##.#
#..................c...#,*#>....
#...######.....#.......#,*####.#
#...#**###.#.#.##...####,****,,.
#.............)...o.#***,,,,,,,*
*#...#####....#o##.#..,,,,****,**
,)....,,.......n#.##*,,,,,* *,,,,
.......,......##@#* **,,,,* *,,**
...s............#h#**,,,,,* *,,**
##...#####..#...,#.#,,,,,,* *,,,,
#....,,....#...,*#.#****** *,***
*,,,***###,##..,**##*** *,,*
*,,,* *,*##.,,,,,,,**** **,*
**,,,*** *,,,..,*****,**,****,**
*,,,,,,*******#.,*****,*,*,**,*,*
*,,,,,,,,* *,,,,,,,,,***,,,,,<


You could see a necrophage, a centaur, a hound, 2 orcs and an ufetubus
(wandering).

Vanquished Creatures
  An ogre (D:5)
  A bullfrog (D:6)
  An orc priest (D:6)
  An iguana (D:5)
  An adder skeleton (D:5)
5 creatures vanquished.

Notes
Turn   | Place    | Note
-------+----------+-------------------------------------------
     0 | D:5      | hawla the Deep Elf Delver began the quest for the Orb.
     0 | D:5      | Reached XP level 1. HP: 13/13 MP: 3/3
    80 | D:5      | Noticed an iguana
    83 | D:5      | Noticed an ogre
    86 | D:5      | Killed an iguana
    87 | D:5      | Reached XP level 2. HP: 18/18 MP: 4/4
    87 | D:5      | Reached XP level 3. HP: 22/22 MP: 5/5
    89 | D:5      | Killed an ogre
    90 | D:5      | Reached skill level 7 in Stealth
    90 | D:5      | Reached XP level 4. HP: 27/27 MP: 6/6
    93 | D:5      | Noticed a scorpion
   117 | D:5      | Noticed a centaur
   164 | D:6      | Reached skill level 8 in Stealth
   164 | D:6      | Reached XP level 5. HP: 5/32 MP: 7/7
   226 | D:6      | Noticed a necrophage
   230 | D:6      | Noticed a wraith
   235 | D:5      | Shot with an arrow by a centaur

Illustrated notes

Levels and vault maps discovered:
D:5:      layout_loops_cross, st_stairs_11, lemuel_old_faithful
D:6:      layout_loops_ring, elyvilon_altar_5

Skill      XL: |  1  2  3  4  5 |
---------------+----------------+-----
Stealth        | 7 8 |  8.5
Fighting       | 3 |  3.0
Short Blades   | |  2.4
Dodging        | |  2.9
Evocations     | |  0.4

Action                   |  1- 3 |  4- 6 || total
-------------------------+-------+-------++-------
Melee: Short sword       |     9 |     2 ||    11
       Rapier            |       |     1 ||     1
Evoke: Wand              |     4 |       ||     4
  Use: Scroll            |       |     4 ||     4
       Potion            |       |     1 ||     1
 Stab: Sleeping          |       |     2 ||     2
Armor: Leather armour    |     3 |     4 ||     7
Dodge: Dodged            |     7 |    14 ||    21
